 Dungeon Crawl Stone Soup version 0.28-b1-25-g9875b3fc8c (webtiles) character file.

Game seed: 4610337324747456447

1407 zeram the Firebug (level 8, -3/46 HPs)
             Began as an Octopode Fire Elementalist on Feb 2, 2022.
             Was an Initiate of Gozag.
             Slain by a wyvern zombie (6 damage)
             ... on level 6 of the Dungeon.
             The game lasted 00:09:55 (4753 turns).

zeram the Firebug (Octopode Fire Elementalist)      Turns: 4753, Time: 00:09:56

Health: -3/46      AC:  1    Str:  7    XL:     8   Next: 70%
Magic:  12/15      EV: 14    Int: 20    God:    Gozag
Gold:   192        SH:  0    Dex: 12    Spells: 9/17 levels left

rFire   . . .      SeeInvis .   a - +1 dagger (drain)
rCold   + . .      Faith    .   (no shield)
rNeg    . . .      Spirit   .   (helmet restricted)
rPois   .          Reflect  .   j - amulet of regeneration
rElec   .          Harm     .   l - ring of protection from cold
rCorr   .          Rampage  .   (no ring)
Will    .....                   (no ring)
Stlth   +++.......              (no ring)
HPRegen 0.95/turn               (no ring)
MPRegen 0.14/turn               (no ring)
                                (no ring)
                                (no ring)

@: gold aura
A: almost no armour, amphibious, 8 rings, camouflage 1, gelatinous body 1,
(nimble swimmer 1), tentacles
a: Renounce Religion, Potion Petition, Call Merchant, Bribe Branch


You were on level 6 of the Dungeon.
You worshipped Gozag.
Gozag was aware of your devotion.
You visited 2 branches of the dungeon, and saw 7 of its levels.

You collected 472 gold pieces.
You spent 136 gold pieces at shops.
You paid 144 gold pieces to Gozag.

Inventory:

Hand Weapons
 a - a +1 dagger of draining (weapon)
Missiles
 e - 4 throwing nets
 h - 4 javelins (quivered)
Jewellery
 c - a ring of ice
 f - an amulet of guardian spirit
 j - an amulet of regeneration (around mantle)
 l - a ring of protection from cold (left tentacle)
Wands
 m - a wand of acid (15)
Scrolls
 i - a scroll of fog
Potions
 b - a potion of brilliance
 d - a potion of invisibility
 g - 2 potions of heal wounds
 k - a potion of attraction
 n - 2 potions of might


   Skills:
 + Level 3.9 Short Blades
 + Level 4.5 Dodging
 - Level 2.6 Stealth
 + Level 5.1 Spellcasting
 + Level 4.2 Conjurations
 + Level 6.0 Fire Magic


You had 9 spell levels left.
You knew the following spells:

 Your Spells              Type           Power      Damage    Failure   Level
a - Foxfire               Conj/Fire      100%       2x1d9     1%          1
b - Vampiric Draining     Necr           5%         2d6       34%         3
c - Flame Wave            Conj/Fire      25%        2d7       14%         4

Your spell library contained the following spells:

 Spells                   Type           Power      Damage    Failure   Level
 Scorch                   Fire           58%        2d7       1%          2
 Conjure Flame            Conj/Fire      25%        6-21      4%          3
 Inner Flame              Hex/Fire       17%        N/A       10%         3
 Slow                     Hex            20%        N/A       12%         1
 Confusing Touch          Hex            5%         N/A       34%         3
 Portal Projectile        Hex/Tloc       10%        N/A       34%         3
 Blade Hands              Tmut           2%         N/A       97%         5
 Excruciating Wounds      Necr           2%         N/A       97%         5


Dungeon Overview and Level Annotations

Branches:
Dungeon (6/15)             Temple (1/1) D:5

Altars:
Ashenzari
Cheibriados
Dithmenos
Elyvilon
Fedhas
Gozag
Hepliaklqana
Kikubaaqudgha
Makhleb
Nemelex Xobeh
Okawaru
Qazlal
Ru
Sif Muna
Uskayaw
Vehumet
Wu Jian
Xom
Yredelemnul
The Shining One

Shops:
D:2 *   D:4 *   D:6 *


Innate Abilities, Weirdness & Mutations

You cannot wear most types of armour.
You are amphibious.
You can wear up to eight rings at the same time.
Your skin changes colour to match your surroundings (Stealth+).
Your rubbery body absorbs attacks. (AC +1, EV +1)
((You are camouflaged when in or above water. (Stealth+)))
You have tentacles for arms and can constrict up to eight enemies at once.


Message History

You squeeze the wyvern zombie, but do no damage.
The wyvern zombie is lightly damaged.
The wyvern zombie barely misses you.
You hit the wyvern zombie but do no damage.
The wyvern zombie is lightly damaged.
The wyvern zombie misses you.
You hit the wyvern zombie but do no damage.
The wyvern zombie is lightly damaged.
The wyvern zombie closely misses you.
You barely miss the wyvern zombie.
The wyvern zombie is lightly damaged.
The wyvern zombie barely misses you.
Casting: Foxfire (safe; 1% risk of failure)
Confirm with . or Enter, or press ? or * to list all spells.
You conjure some foxfire!
The wyvern zombie barely misses you.
You hit the wyvern zombie.
The wyvern zombie is lightly damaged.
The foxfire hits the wyvern zombie.
The wyvern zombie is lightly damaged.
The foxfire hits the wyvern zombie but does no damage.
The wyvern zombie is lightly damaged.
The wyvern zombie bites you!
You hit the wyvern zombie but do no damage.
You squeeze the wyvern zombie, but do no damage.
The wyvern zombie is lightly damaged.
The bullfrog skeleton misses you. The wyvern zombie bites you!
Unknown command.
Casting: Foxfire (safe; 1% risk of failure)
Confirm with . or Enter, or press ? or * to list all spells.
You conjure some foxfire!
The bullfrog skeleton hits you. The wyvern zombie bites you!
* * * LOW HITPOINT WARNING * * *
The bullfrog skeleton hits you.
* * * LOW HITPOINT WARNING * * *
Your foxfire dissipates!
The foxfire hits the bullfrog skeleton!
The bullfrog skeleton is moderately damaged.
The wyvern zombie bites you.
You die...
Your body crumbles into a pile of gold.

#............######
#....<...................
#...(...#####....#.......
.........# #...#.....#
.........# #...#.....#
###.####.#####...#.....#
#.[.##..'.[.'...+..... .
##.##...##.##..ยง#..#....
###....##.##..@ZZ......
#.....##.##..##..#.#..
########.##..$......
...............
#.##.#..$.#(#..
............$... ###.#..
......#.. ... ......#..
.... ......#


You could see a wyvern zombie and a bullfrog skeleton.

Vanquished Creatures
  Sigmund (D:3)
  A water moccasin (D:5)
  A hornet zombie (D:5)
  A black bear (D:6)
  A necrophage (D:2)
  An ogre (D:5)
  A centaur (D:5)
  A phantom (D:6)
  A bullfrog (D:6)
  2 scorpions (D:5)
  A howler monkey (D:5)
  A crimson imp (D:5)
  A hound (D:5)
  A bullfrog skeleton (D:5)
  Natasha (D:2)
  3 orc wizards
  A hound skeleton (D:4)
  A hound zombie (D:5)
  5 adders
  7 gnolls
  2 white imps (D:5)
  An ufetubus (D:6)
  A dart slug (D:2)
  5 orcs
  7 ball pythons
  9 endoplasms
  4 giant cockroaches
  6 goblins
  6 hobgoblins
  5 jackals (D:4)
  5 kobolds
  2 quokkas
  6 bats
  2 frilled lizards
  4 rats
98 creatures vanquished.

Vanquished Creatures (others)
  215 foxfires
215 creatures vanquished.

Grand Total: 313 creatures vanquished

Notes
Turn   | Place    | Note
-------+----------+-------------------------------------------
     0 | D:1      | zeram the Octopode Fire Elementalist began the quest for
                  | the Orb.
     0 | D:1      | Reached XP level 1. HP: 11/11 MP: 3/3
     1 | D:1      | Found a faded altar of an unknown god.
   149 | D:1      | Reached XP level 2. HP: 13/17 MP: 3/5
   692 | D:1      | Reached XP level 3. HP: 21/21 MP: 3/6
   696 | D:1      | Learned a level 3 spell: Vampiric Draining
   780 | D:2      | Found Wabutawn's Assorted Antiques.
  1041 | D:2      | Noticed Natasha
  1048 | D:2      | Killed Natasha
  1049 | D:2      | Reached skill level 4 in Fire Magic
  1049 | D:2      | Reached XP level 4. HP: 19/27 MP: 3/7
  1145 | D:2      | Noticed a necrophage
  1153 | D:2      | Killed a necrophage
  1154 | D:2      | Reached skill level 1 in Short Blades
  1154 | D:2      | Reached XP level 5. HP: 20/31 MP: 4/9
  1744 | D:3      | Noticed Sigmund
  1752 | D:3      | Killed Sigmund
  1753 | D:3      | Reached XP level 6. HP: 36/36 MP: 8/11
  2472 | D:4      | Learned a level 4 spell: Flame Wave
  2575 | D:4      | Found Marobiapn's Assorted Antiques.
  2647 | D:4      | Reached skill level 5 in Fire Magic
  2830 | D:4      | Found an ornate altar of the Wu Jian Council.
  3072 | D:4      | You fall into a shaft and drop 2 floors!
  3078 | D:5      | Entered Level 5 of the Dungeon
  3095 | D:5      | Reached XP level 7. HP: 15/41 MP: 3/12
  3496 | D:5      | Found a staircase to the Ecumenical Temple.
  3561 | D:5      | Reached XP level 8. HP: 42/46 MP: 14/14
  3593 | Temple   | Entered the Ecumenical Temple
  3819 | Temple   | Became a worshipper of Gozag Ym Sagoz the Greedy
  4405 | D:6      | Found Nisiseo's General Store.
  4411 | D:6      | Found Wedde's Specific Store.
  4417 | D:6      | Bought 2 potions of might for 88 gold pieces
  4417 | D:6      | Bought a scroll of identify for 22 gold pieces
  4421 | D:6      | Bought a scroll of identify for 26 gold pieces
  4506 | D:6      | Reached skill level 5 in Spellcasting
  4650 | D:6      | Reached skill level 6 in Fire Magic
  4753 | D:6      | Slain by a wyvern zombie

Illustrated notes

Levels and vault maps discovered:
D:1:      lightli_arrival_maybe_door_vault, layout_rooms,
          ebering_ecumenical_altar_sacrificial
D:2:      minmay_recursive_quarters, layout_basic, serial_shops,
          nicolae_shop_crystal, minmay_misc_feat_doors, uniq_natasha
D:3:      layout_loops_ring, columned_hall_lemuel, uniq_sigmund
D:4:      layout_basic, amcnicky_altar_gilded, nicolae_stop_n_shop_2
D:5:      layout_gridville, minmay_temple_entry_stoned_glass, moated_statue,
          minmay_fire_ice_demons
D:6:      layout_basic, nrook_loot_triangle, nicolae_specific_store,
          nrook_mini_vaults
Temple:   mainiacjoe_temple_bowtie_tessellation

Skill      XL: |  1  2  3  4  5  6  7  8 |
---------------+-------------------------+-----
Fire Magic     | 4 5 6 |  6.0
Short Blades   | 1 2 3 |  3.9
Spellcasting   | 3 4 5 |  5.1
Dodging        | 3 4 |  4.5
Conjurations   | 2 3 4 |  4.2
Stealth        | |  2.6

Action                   |  1- 3 |  4- 6 |  7- 9 || total
-------------------------+-------+-------+-------++-------
Melee: Dagger            |    48 |    45 |    83 ||   176
       Tentacles         |    14 |    14 |    22 ||    50
       Constrict         |    10 |     9 |    10 ||    29
       Punch             |     2 |       |     1 ||     3
       Unarmed           |     1 |       |       ||     1
 Cast: Foxfire           |    27 |    46 |    51 ||   124
  Use: Scroll            |       |     8 |     7 ||    15
       Potion            |       |       |     3 ||     3
 Stab: Sleeping          |     3 |     5 |     2 ||    10
Armor: Skin              |    10 |     4 |     5 ||    19
Dodge: Dodged            |    44 |    31 |    74 ||   149
